 Dungeon Crawl Stone Soup version 0.18.1-6-gd335043 (webtiles) character file.

1493 M4edhros the Cleaver (level 8, -4/111 (114) HPs)
             Began as a Minotaur Berserker on May 20, 2016.
             Was a Believer of Trog.
             Slain by a manticore (9 damage)
             ... on level 11 of the Dungeon.
             The game lasted 00:05:27 (1201 turns).

M4edhros the Cleaver (Minotaur Berserker)           Turns: 1201, Time: 00:05:28

HP:   -4/111 (114)  AC:  6    Str: 25    XL:     8   Next: 51%
MP:   7/7           EV: 12    Int:  4    God:    Trog [**....]
Gold: 89            SH:  0    Dex: 12    Spells: 0 memorised, 7 levels left

rFire  . . .     SeeInvis .     a - +0 hand axe
rCold  . . .     Gourm    .     h - +0 ring mail
rNeg   . . .     Faith    .     (no shield)
rPois  +         Spirit   .     (helmet restricted)
rElec  .         Dismiss  .     (no cloak)
rCorr  .         Reflect  .     (no gloves)
SustAt .         Harm     .     f - +0 pair of boots
MR     .....                    (no amulet)
Stlth  ..........               (no ring)
                                (no ring)

@: berserking, very quick, not resistant to hostile enchantments, extremely
unstealthy
A: retaliatory headbutt, horns 2, talons 1, poison resistance, robust 2, weak 1,
sturdy frame 1
a: Berserk, Trog's Hand, Burn Spellbooks, Renounce Religion


You were on level 11 of the Dungeon.
You worshipped Trog.
Trog was pleased with you.
You were not hungry.

You visited 1 branch of the dungeon, and saw 11 of its levels.

You collected 89 gold pieces.

Inventory:

Hand Weapons
 a - a +0 hand axe (weapon)
Armour
 b - a +0 animal skin
 f - a +0 pair of boots (worn)
 h - a +0 ring mail (worn)
Wands
 k - a wand of enslavement (14/24)
 m - a wand of iceblast (3/15)
Scrolls
 d - a scroll of teleportation {unknown}
 e - 3 scrolls of identify {unknown}
 j - 2 scrolls of amnesia {unknown}
 o - a scroll of summoning {unknown}
Potions
 g - a potion of flight {unknown}
 l - a potion of brilliance
Books
 p - a book of Spatial Translocations

   Spells                             Type                      Level
   a - Apportation                    Translocation                1
   b - Blink                          Translocation                2
   c - Shroud of Golubria             Charms/Translocation         2
   d - Portal Projectile              Translocation                3
   e - Teleport Other                 Translocation                3
   f - Passage of Golubria            Translocation                4
   Trog disapproves of the use of such an item.
 q - a Necronomicon

   Spells                             Type                      Level
   a - Haunt                          Necromancy/Summoning         7
   b - Borgnjor's Revivification      Necromancy                   8
   c - Death's Door                   Charms/Necromancy            8
   d - Necromutation                  Transmutation/Necromancy     8
   Trog disapproves of the use of such an item.
Comestibles
 c - 2 bread rations
 i - 4 chunks of flesh
 n - a meat ration


   Skills:
 - Level 3.6 Fighting
 + Level 12.8 Axes
 - Level 2.4 Armour
 - Level 2.1 Dodging


You had 7 spell levels left.
You didn't know any spells.

Dungeon Overview and Level Annotations

Branches:
Dungeon (11/15)
 Temple: D:4-7         Lair: D:8-11         Orc: D:9-12

Altars:
Qazlal
Vehumet
Zin

Shops:
D:5 *

Portals:
Trove: D:10 (give 8 scrolls of blinking)

Annotations:
D:8 Erica


Innate Abilities, Weirdness & Mutations

You reflexively headbutt those who attack you in melee.
You have a pair of horns on your head.
You have sharp toenails.
Your system is resistant to poisons.
You are very robust (+20% HP).
You are weak. (Str -2)
Your movements are slightly less encumbered by armour (ER -2).


Message History

There is a stone staircase leading up here.
A red film seems to cover your vision as you go berserk!
You feel yourself moving faster!
You feel mighty!
You feel somewhat more hungry. The manticore closely misses you.
The manticore claws you!
* * * LOW HITPOINT WARNING * * *
The manticore claws you.
* * * LOW HITPOINT WARNING * * *
You hit the manticore but do no damage. You headbutt the manticore!
The manticore is moderately wounded.
Unknown command.
You barely miss the manticore.
The manticore is moderately wounded.
Unknown command.
You hit the manticore.
The manticore is heavily wounded.
The manticore bites you!!
* * * LOW HITPOINT WARNING * * *
The manticore claws you!
You die...

..................
..................
..................
..................
..>...............
..................
..................
........H.........
...:...@..........
..................
.................$
...........$......
##############+###


You could see a manticore.

Vanquished Creatures
  A two-headed ogre (D:9)
  A hippogriff (D:10)
  A sky beast (D:9)
  A necrophage (D:9)
  An ogre (D:4)
  A centaur (D:10)
  2 giant frogs (D:7)
  A scorpion (D:8)
  4 killer bees (D:10)
  A crimson imp (D:9)
  A jelly (D:7)
  A centaur skeleton (D:6)
  An orc priest (D:6)
  2 orc wizards
  A giant frog skeleton (D:4)
  A gnoll shaman (D:10)
  A worker ant (D:9)
  A hound zombie (D:9)
  5 gnolls (D:10)
  4 adders
  A shadow imp (D:5)
  An ooze (D:6)
  A worm (D:2)
  A giant gecko (D:6)
  8 orcs
  A bat (D:2)
  3 giant cockroaches
  A kobold (D:2)
  3 quokkas (D:2)
  A ball python skeleton (D:4)
  A jackal skeleton (D:4)
  A rat (D:1)
55 creatures vanquished.

Vanquished Creatures (collateral kills)
  A hippogriff (D:11)
  A worker ant (D:11)
  A worker ant zombie (D:11)
3 creatures vanquished.

Grand Total: 58 creatures vanquished

Notes
Turn   | Place    | Note
--------------------------------------------------------------
     0 | D:1      | M4edhros the Minotaur Berserker began the quest for the Orb.
     0 | D:1      | Reached XP level 1. HP: 19/19 MP: 0/0
    83 | D:2      | Reached skill level 4 in Axes
    83 | D:2      | Reached XP level 2. HP: 26/26 MP: 1/1
   266 | D:2      | Reached skill level 5 in Axes
   268 | D:2      | Found a stormy altar of Qazlal.
   321 | D:2      | Reached XP level 3. HP: 31/31 MP: 2/2
   352 | D:4      | Noticed an ogre
   358 | D:4      | Killed an ogre
   358 | D:4      | Reached skill level 6 in Axes
   358 | D:4      | Reached XP level 4. HP: 39/39 MP: 3/3
   362 | D:4      | Reached skill level 7 in Axes
   362 | D:4      | Reached XP level 5. HP: 41/45 MP: 4/4
   415 | D:4      | Found a radiant altar of Vehumet.
   453 | D:5      | Entered Level 5 of the Dungeon
   482 | D:5      | Found Zin's Purification Station.
   487 | D:5      | Found a glowing silver altar of Zin.
   544 | D:6      | Reached skill level 8 in Axes
   584 | D:7      | Reached ** piety under Trog
   584 | D:7      | Reached XP level 6. HP: 30/51 MP: 5/5
   611 | D:7      | Reached skill level 9 in Axes
   700 | D:8      | Noticed Erica
   805 | D:9      | Reached XP level 7. HP: 36/57 MP: 6/6
   826 | D:9      | Reached skill level 10 in Axes
   838 | D:9      | Gained mutation: You have sharp toenails. [mutagenic meat]
   839 | D:9      | Gained mutation: Your movements are slightly less encumbered by armour (ER -2). [mutagenic meat]
   840 | D:9      | Gained mutation: You are robust (+10% HP). [mutagenic meat]
   841 | D:9      | Gained mutation: Your system is resistant to poisons. [mutagenic meat]
   842 | D:9      | Gained mutation: You are weak. (Str -2) [mutagenic meat]
   843 | D:9      | Gained mutation: You are very robust (+20% HP). [mutagenic meat]
   899 | D:9      | Noticed a two-headed ogre
   903 | D:9      | Killed a two-headed ogre
   903 | D:9      | Reached skill level 11 in Axes
   930 | D:10     | Entered Level 10 of the Dungeon
   987 | D:10     | Reached XP level 8. HP: 74/74 MP: 7/7
  1015 | D:10     | Reached skill level 12 in Axes
  1108 | D:10     | Found a portal to a secret trove of treasure.
  1164 | D:11     | Noticed a manticore
  1201 | D:11     | HP: 5/111 [manticore (23)]
  1201 | D:11     | Slain by a manticore

Skill      XL: |  1  2  3  4  5  6  7  8 |
---------------+-------------------------+-----
Axes           | 4 5 6 7 8 9 11 12 | 12.8
Fighting       | |  3.6
Armour         | |  2.4
Dodging        | |  2.1

Action                   |  1- 3 |  4- 6 |  7- 9 || total
-------------------------+-------+-------+-------++-------
Melee: Hand axe          |    29 |    60 |    68 ||   157
       Headbutt          |     8 |    13 |    11 ||    32
Invok: Berserk           |     1 |     3 |     5 ||     9
       Trog's Hand       |       |     1 |     1 ||     2
Evoke: Wand              |       |       |     1 ||     1
  Use: Potion            |       |     3 |       ||     3
  Eat: Chunk             |       |     5 |    11 ||    16
Armor: Animal skin       |     5 |       |       ||     5
       Ring mail         |     7 |    15 |    12 ||    34
Dodge: Dodged            |    22 |    29 |    30 ||    81
